 Dungeon Crawl Stone Soup version 0.19-b1-5-gdc9fa9d (webtiles) character file.

10668 Gorglomux the Destroyer (level 11, -7/72 HPs)
             Began as a High Elf Wizard on Oct 31, 2016.
             Was an Elder of Sif Muna.
             Mangled by a red ugly thing (15 damage)
             ... on level 11 of the Dungeon.
             The game lasted 00:58:12 (15032 turns).

Gorglomux the Destroyer (High Elf Wizard)          Turns: 15032, Time: 00:58:12

Health: -7/72      AC:  7    Str: 12    XL:     11   Next: 39%
Magic:  3/37       EV: 12    Int: 26    God:    Sif Muna [****..]
Gold:   764        SH:  0    Dex: 14    Spells: 8 memorised, 10 levels left

rFire  . . .     SeeInvis .     p - +0 dagger (protect)
rCold  . . .     Gourm    .     a - +0 robe
rNeg   . . .     Faith    .     (no shield)
rPois  .         Spirit   .     V - +2 helmet
rElec  .         Reflect  .     x - +0 cloak
rCorr  .         Harm     .     (no gloves)
MR     +....                    H - +0 pair of boots
Stlth  ++........               (no amulet)
                                u - ring of magical power
                                O - +6 ring of strength

@: very slightly contaminated, divine energy
A: no striking features
a: Stop Divine Energy, Channel Magic, Forget Spell, Renounce Religion


You were on level 11 of the Dungeon.
You worshipped Sif Muna.
Sif Muna was greatly pleased with you.
You were not hungry.

You visited 2 branches of the dungeon, and saw 12 of its levels.
You also visited: Bailey.

You collected 764 gold pieces.

Inventory:

Hand Weapons
 g - a +0 dagger
 p - a +0 dagger of protection (weapon)
Armour
 a - a +0 robe (worn)
 x - a +0 cloak (worn)
 H - a +0 pair of boots (worn)
 V - a +2 helmet (worn)
Jewellery
 r - an uncursed ring of flight
 u - a ring of magical power (right hand)
 O - a +6 ring of strength (left hand)
 Z - an uncursed ring of fire
Wands
 m - a wand of iceblast (1/15)
 o - a wand of teleportation (9/9)
 q - a wand of slowing (23/48)
 y - a wand of polymorph (14/24)
 N - a wand of random effects (38/48)
Scrolls
 i - 2 scrolls of random uselessness {unknown}
 k - 2 scrolls of recharging
 n - a scroll of magic mapping
 w - 2 scrolls of enchant weapon {unknown}
 B - 2 scrolls of brand weapon {unknown}
 C - 3 scrolls of fog
 D - 2 scrolls of amnesia {unknown}
 K - a scroll of noise {unknown}
 M - a scroll of blinking {unknown}
 Q - a scroll of immolation {unknown}
 W - a scroll of holy word {unknown}
 X - a scroll of remove curse
Potions
 b - a potion of mutation
 e - 2 potions of haste
 f - 4 potions of heal wounds
 j - 7 potions of curing
 l - 4 potions of degeneration
 t - 3 potions of cure mutation
 z - 2 potions of might
 G - 2 potions of cancellation
 J - a potion of brilliance {unknown}
 L - a potion of beneficial mutation {unknown}
 T - a potion of flight {unknown}
Books
 c - a book of Minor Magic

   Spells                             Type                      Level
   a - Magic Dart                     Conjuration                  1
   b - Blink                          Translocation                2
   c - Call Imp                       Summoning                    2
   d - Repel Missiles                 Charms/Air                   2
   e - Slow                           Hexes                        2
   f - Conjure Flame                  Conjuration/Fire             3
   g - Mephitic Cloud                 Conjuration/Poison/Air       3
 I - a book of Power

   Spells                             Type                      Level
   a - Fulminant Prism                Conjuration/Hexes            4
   b - Iskenderun's Mystic Blast      Conjuration                  4
   c - Venom Bolt                     Conjuration/Poison           5
   d - Bolt of Magma                  Conjuration/Fire/Earth       5
   e - Iron Shot                      Conjuration/Earth            6
   f - Orb of Destruction             Conjuration                  7
   g - Spellforged Servitor           Conjuration/Summoning        7
 S - a book of Maledictions

   Spells                             Type                      Level
   a - Corona                         Hexes                        1
   b - Ensorcelled Hibernation        Hexes/Ice                    2
   c - Confuse                        Hexes                        3
   d - Tukima's Dance                 Hexes                        3
   e - Dazzling Spray                 Conjuration/Hexes            3
 U - a Young Poisoner's Handbook

   Spells                             Type                      Level
   a - Sting                          Conjuration/Poison           1
   b - Mephitic Cloud                 Conjuration/Poison/Air       3
   c - Olgreb's Toxic Radiance        Poison                       4
   d - Alistair's Intoxication        Transmutation/Poison         5
   e - Venom Bolt                     Conjuration/Poison           5
Comestibles
 d - 12 bread rations
 h - 12 meat rations
 s - a slice of pizza
 v - 3 beef jerkies
 A - 3 royal jellies
 F - 4 fruits


   Skills:
 + Level 5.6 Fighting
 - Level 2.1 Dodging
 - Level 2.1 Stealth
 - Level 12.2 Spellcasting
 + Level 12.8 Conjurations
 - Level 0.8 Summonings
 - Level 1.1 Translocations
 + Level 5.9 Invocations


You had 10 spell levels left.
You knew the following spells:

 Your Spells              Type           Power        Failure   Level  Hunger
a - Magic Dart            Conj           ####         1%          1    None
b - Iskenderun's Mystic   Conj           ######..     1%          4    None
c - Conjure Flame         Conj/Fire      #####...     1%          3    None
d - Mephitic Cloud        Conj/Pois/Air  #####...     1%          3    None
e - Call Imp              Summ           ###.....     4%          2    None
f - Blink                 Tloc           N/A          3%          2    None
g - Fulminant Prism       Conj/Hex       #####.....   3%          4    None
h - Venom Bolt            Conj/Pois      #####.....   10%         5    ###....


Dungeon Overview and Level Annotations

Branches:
Dungeon (11/15)            Temple (0/1) D:7            Lair (1/6) D:10
    Orc (0/2) D:10

Altars:
Cheibriados
Elyvilon
Fedhas
Gozag
Kikubaaqudgha
Makhleb
Nemelex Xobeh
Sif Muna
Trog
Uskayaw
Zin
The Shining One

Shops:
D:4 =   D:5 =

Annotations:
D:5 exclusion: oklob plant


Message History

Confirm with . or Enter, or press ? or * to list all spells.
You blink.
Casting: Blink
Confirm with . or Enter, or press ? or * to list all spells.
Aiming: Conjure Flame
Press: ? - help, Dir - move target cursor, p - red ugly thing The fire roars!
The red ugly thing is engulfed in roaring flames.
Casting: Conjure Flame
Confirm with . or Enter, or press ? or * to list all spells.
You blink.
Casting: Blink
Confirm with . or Enter, or press ? or * to list all spells.
You miscast Blink.
You are very lightly contaminated with residual magic.
You catch a glimpse of the back of your own head.
The red ugly thing claws you!
* * * LOW HITPOINT WARNING * * *
You are engulfed in flames!
You die...

############
######[..........
######......##########
#....@u...### #
#.####.##.# # #.#
#>##.# # #.# #.##.# #
#.####.##.############
#...u................#
#..###.##.##########.#
#..# #.##.# #.# #..#
#.##.##########.#


You could see a red ugly thing.

Vanquished Creatures
  3 hill giants
  An ugly thing (D:11)
  Psyche (D:10)
  2 gargoyles
  A komodo dragon (D:10)
  2 two-headed ogres
  Grinder (D:5)
  Prince Ribbit (D:9)
  A spriggan (D:7)
  A vampire (D:10)
  A basilisk (D:10)
  A steam dragon (D:8)
  2 hungry ghosts
  4 fire bats (D:10)
  A water moccasin (Lair:1)
  A hell hound (D:10)
  10 orc warriors
  2 ice beasts (D:8)
  2 sky beasts
  4 black bears
  A necrophage (D:10)
  4 phantoms
  2 ogres (D:9)
  6 centaurs
  2 crocodiles (D:10)
  4 bullfrogs
  A gnoll sergeant (D:6)
  4 scorpions
  20 killer bees
  2 lava snakes (D:10)
  3 crimson imps
  A quasit (D:10)
  A bullfrog skeleton (D:11)
  A jelly (D:5)
  2 orc priests
  2 hounds
  9 orc wizards
  Ijyb (D:2)
  2 iguanas
  3 worker ants
  A hound zombie (D:6)
  Robin (D:2)
  13 gnolls
  13 adders
  A river rat (D:10)
  3 shadow imps
  An ooze (D:1)
  2 adder zombies
  3 worms
  3 dart slugs
  3 leopard geckos
  36 orcs
  4 ball pythons
  9 giant cockroaches
  20 goblins
  11 hobgoblins
  12 jackals
  7 quokkas
  7 bats
  6 frilled lizards
  A jackal skeleton (D:4)
  24 kobolds
  A leopard gecko skeleton (D:4)
  A quokka skeleton (D:9)
  9 rats
  3 fire vortices (D:10)
  A fulminant prism (Bailey)
309 creatures vanquished.

Vanquished Creatures (collateral kills)
  The ghost of kraktruk the Ruffian, an amateur DrMo (D:3)
1 creature vanquished.

Vanquished Creatures (others)
  A gnoll (D:6)
  2 jackals (D:8)
  20 fulminant prisms
  5 fungi (D:5)
  A plant (D:5)
29 creatures vanquished.

Grand Total: 339 creatures vanquished

Notes
Turn   | Place    | Note
-------+----------+-------------------------------------------
     0 | D:1      | Gorglomux the High Elf Wizard began the quest for the Orb.
     0 | D:1      | Reached XP level 1. HP: 11/11 MP: 6/6
   143 | D:1      | Reached XP level 2. HP: 11/17 MP: 1/8
   208 | D:1      | Learned a level 2 spell: Blink
   752 | D:1      | Reached XP level 3. HP: 21/21 MP: 4/9
  1305 | D:2      | Noticed Ijyb
  1311 | D:2      | Learned a level 3 spell: Conjure Flame
  1359 | D:2      | Killed Ijyb
  1359 | D:2      | Reached XP level 4. HP: 26/27 MP: 0/11
  1518 | D:2      | Reached skill level 5 in Spellcasting
  1585 | D:2      | Noticed Robin
  1956 | D:2      | Killed Robin
  2089 | D:2      | Learned a level 3 spell: Mephitic Cloud
  2209 | D:2      | Reached XP level 5. HP: 24/31 MP: 0/13
  2616 | D:2      | Found a faded altar of an unknown god.
  2848 | D:3      | Noticed kraktruk's ghost (amateur DrMo)
  3612 | D:3      | Learned a level 2 spell: Call Imp
  3688 | D:3      | Killed kraktruk's ghost
  3688 | D:3      | Reached XP level 6. HP: 13/36 MP: 0/16
  4175 | D:3      | Found an ancient bone altar of Kikubaaqudgha.
  4204 | D:3      | Found a white marble altar of Elyvilon.
  4436 | D:4      | Reached skill level 5 in Conjurations
  5238 | D:4      | Found a glowing silver altar of Zin.
  5254 | D:4      | Found Daeplua's Jewellery Shoppe.
  5341 | D:4      | Reached XP level 7. HP: 41/41 MP: 18/18
  5726 | D:5      | Entered Level 5 of the Dungeon
  5768 | D:5      | Found a hide-covered altar of Uskayaw.
  5768 | D:5      | Noticed a hand axe
  5768 | D:5      | Noticed a hand axe
  5862 | D:5      | Found Tepsi's Jewellery Shop.
  6213 | D:5      | Noticed Grinder
  6214 | D:5      | Paralysed by Grinder for 5 turns
  6265 | D:5      | Killed Grinder
  6265 | D:5      | Reached XP level 8. HP: 15/46 MP: 15/21
  6563 | D:5      | Found a blossoming altar of Fedhas.
  6576 | D:5      | Noticed an oklob plant
  7760 | D:6      | Found a deep blue altar of Sif Muna.
  7768 | D:6      | Became a worshipper of Sif Muna the Loreminder
  7812 | D:6      | Found a burning altar of Makhleb.
  7836 | D:6      | Learned a level 4 spell: Iskenderun's Mystic Blast
  8239 | D:7      | Found an opulent altar of Gozag.
  8528 | D:7      | Found a staircase to the Ecumenical Temple.
  8748 | D:7      | Learned a level 4 spell: Fulminant Prism
  8748 | D:7      | Noticed a hill giant
  8755 | D:7      | Killed a hill giant
  8755 | D:7      | Reached skill level 10 in Spellcasting
  8755 | D:7      | Reached XP level 9. HP: 51/51 MP: 5/24
  8852 | D:7      | Reached * piety under Sif Muna
  9124 | D:7      | Found a bloodstained altar of Trog.
  9142 | D:7      | Found a burning altar of Makhleb.
  9270 | D:7      | Found a deep blue altar of Sif Muna.
  9295 | D:7      | Found a snail-covered altar of Cheibriados.
  9565 | D:8      | Found a glowing golden altar of the Shining One.
  9619 | D:8      | HP: 1/51 [steam dragon (2)]
  9796 | D:7      | Reached skill level 10 in Conjurations
 10083 | D:8      | Reached ** piety under Sif Muna
 10602 | D:9      | Noticed Prince Ribbit
 10605 | D:9      | Killed Prince Ribbit
 10982 | D:9      | Found a flagged portal.
 10987 | Bailey   | Entered a bailey
 11004 | Bailey   | Reached *** piety under Sif Muna
 11135 | Bailey   | Reached XP level 10. HP: 56/56 MP: 26/26
 11233 | Bailey   | Learned a level 5 spell: Venom Bolt
 11539 | D:9      | Found a sparkling altar of Nemelex Xobeh.
 11687 | D:10     | Entered Level 10 of the Dungeon
 11773 | D:10     | Found a staircase to the Orcish Mines.
 11970 | D:10     | Reached **** piety under Sif Muna
 12078 | D:10     | Noticed Psyche
 12082 | D:10     | Killed Psyche
 12082 | D:10     | Reached skill level 1 in Fighting
 12082 | D:10     | Reached skill level 1 in Invocations
 12877 | D:10     | Noticed a gargoyle
 13100 | D:10     | Killed a gargoyle
 13242 | D:10     | Found a staircase to the Lair.
 13254 | Lair:1   | Entered Level 1 of the Lair of Beasts
 13661 | D:10     | Noticed a hill giant
 13669 | D:10     | Killed a hill giant
 13669 | D:10     | Reached XP level 11. HP: 69/69 MP: 11/28
 14237 | D:11     | Reached skill level 5 in Invocations
 14443 | D:11     | Noticed a brown ugly thing
 14444 | D:11     | Reached skill level 5 in Fighting
 14448 | D:11     | Killed a brown ugly thing
 14943 | D:11     | Noticed a red ugly thing
 14949 | D:11     | Noticed a hill giant
 14954 | D:11     | Killed a hill giant
 15032 | D:11     | Mangled by a red ugly thing

Skill      XL: |  1  2  3  4  5  6  7  8  9 10 11 |
---------------+----------------------------------+-----
Spellcasting   | 4 5 6 7 8 10 11 12 | 12.2
Conjurations   | 2 3 4 5 7 9 11 12 | 12.8
Fighting       | 4 5 |  5.6
Invocations    | 4 5 |  5.9
Dodging        | |  2.1
Stealth        | |  2.1
Summonings     | |  0.8
Translocations | |  1.1

Action                   |  1- 3 |  4- 6 |  7- 9 | 10-12 || total
-------------------------+-------+-------+-------+-------++-------
Melee: Dagger            |     8 |    21 |    10 |    15 ||    54
 Cast: Magic Dart        |    66 |   246 |   255 |    94 ||   661
       Blink             |     1 |    14 |    13 |     9 ||    37
       Conjure Flame     |     1 |    10 |    15 |     6 ||    32
       Call Imp          |       |     6 |     5 |       ||    11
       Mephitic Cloud    |       |     1 |     9 |     8 ||    18
       Iskenderun's Myst |       |       |    55 |   128 ||   183
       Fulminant Prism   |       |       |     3 |    18 ||    21
       Venom Bolt        |       |       |       |     1 ||     1
Invok: Divine Energy     |       |       |     1 |       ||     1
Evoke: Wand              |       |       |     3 |       ||     3
  Use: Scroll            |       |     6 |       |     7 ||    13
       Potion            |       |       |     2 |       ||     2
  Eat: Chunk             |     1 |     8 |    18 |    12 ||    39
       Bread ration      |       |     1 |       |       ||     1
Armor: Robe              |     7 |    24 |    20 |    14 ||    65
Dodge: Dodged            |    24 |    59 |    63 |    37 ||   183
